 Dungeon Sprint DCSS version 0.17.1-1-g73c8601 (webtiles) character file.

1407 seyes the Protected (level 8, 9/82 HPs)
             Began as a Minotaur Fighter on Mar 1, 2016.
             Quit the game in the Dungeon (Sprint I: "Red Sonja").
             The game lasted 00:07:49 (923 turns).

seyes the Protected (Minotaur Fighter)               Turns: 923, Time: 00:07:49

Health: 9/82       AC:  9    Str: 25    XL:     8   Next: 42%
Magic:  7/7        EV:  9    Int:  5    God:
Gold:   49         SH: 13    Dex: 13    Spells: 0 memorised, 7 levels left

rFire  . . .     SeeInvis .     h - +4 hand axe (flame)
rCold  . . .     Clarity  .     b - +0 scale mail
rNeg   . . .     SustAt   .     c - +0 shield
rPois  .         Gourm    .     (helmet restricted)
rElec  .         Spirit   .     (no cloak)
rCorr  .         Warding  .     (no gloves)
rMut   .         NoTele   +     (no boots)
MR     .....                    (no amulet)
Stlth  ..........               (no ring)
                                (no ring)

@: mighty, not resistant to hostile enchantments, extremely unstealthy
A: retaliatory headbutt, horns 2
a: no special abilities


You were in the Dungeon.
You were not hungry.

You visited 1 branch You collected 405 gold pieces.
You spent 356 gold pieces at shops.

Inventory:

Hand Weapons
 a - a +0 war axe
 f - a +0 dagger of venom
 h - a +4 hand axe of flaming (weapon)
Armour
 b - a +0 scale mail (worn)
 c - a +0 shield (worn)
Scrolls
 k - a scroll of blinking
Potions
 i - 2 potions of magic
Comestibles
 e - a bread ration
 g - 5 chunks of flesh


   Skills:
 + Level 11.6 Fighting
 + Level 11.3 Axes
 + Level 11.7 Armour
 + Level 11.6 Shields


You had 7 spell levels left.
You didn't know any spells.

Dungeon Overview and Level Annotations

Branches:
Dungeon (1/1)

Altars:
Cheibriados
Dithmenos
Elyvilon
Fedhas
Gozag
Kikubaaqudgha
Makhleb
Nemelex Xobeh
Okawaru
Qazlal
Ru
Sif Muna
Trog
Vehumet
Xom
Yredelemnul
Zin
The Shining One
Jiyva

Shops:
D (


Innate Abilities, Weirdness & Mutations

You reflexively headbutt those who attack you in melee.
You have a pair of horns on your head.


Message History

The demonic crawler is lightly wounded.
The demonic crawler hits you.
* * * LOW HITPOINT WARNING * * *
The demonic crawler hits you but does no damage.
The demonic crawler barely misses you.
Drink which item? (? for menu, Esc to quit)
Okay, then.
You block the demonic crawler's attack.
The demonic crawler hits you but does no damage.
The demonic crawler hits you.
* * * LOW HITPOINT WARNING * * *
Things that are here:
a dagger; a robe; a kobold corpse
There is an open door here.
Press: ? - help, v - describe, . - travel, g - get item
Here: a demonic crawler (lightly wounded, clinging)
A dagger.
There is something else lying underneath.
The floor, spattered with blood.
Are you sure you want to abandon this character and quit the game? (Confirm with "yes".)

#####################
.)..#..'..#__#..@s..#
.#..').#..'..'..#)s.##+#
###'#####'#__####..s'..#
##..#...#(#### #####..+
_####..##[# ##
..__##'#..+ .∩...'..._#
..._##_.#+# ____###+#


You could see 3 demonic crawlers.

Vanquished Creatures
  2 kobold demonologists (D)
  A demonic crawler (D)
  A slime creature (D)
  Sigmund (D)
  A yak (D)
  An ogre (D)
  A jelly (D)
  Ijyb (D)
  A giant eyeball (D)
10 creatures vanquished.

Vanquished Creatures (others)
  A gargoyle (D)
1 creature vanquished.

Grand Total: 11 creatures vanquished

Notes
Turn   | Place    | Note
--------------------------------------------------------------
     0 | D        | seyes the Minotaur Fighter began the quest for the Orb.
     0 | D        | Reached XP level 1. HP: 19/19 MP: 0/0
     3 | D        | Noticed Ijyb
    19 | D        | Killed Ijyb
    19 | D        | Reached skill level 5 in Fighting
    19 | D        | Reached skill level 5 in Armour
    19 | D        | Reached skill level 5 in Shields
    19 | D        | Reached XP level 2. HP: 3/29 MP: 1/1
   340 | D        | Noticed an ogre
   349 | D        | Killed an ogre
   349 | D        | Reached skill level 6 in Fighting
   349 | D        | Reached XP level 3. HP: 30/38 MP: 2/2
   349 | D        | Reached XP level 4. HP: 35/45 MP: 3/3
   355 | D        | Noticed Sigmund
   361 | D        | Killed Sigmund
   361 | D        | Reached skill level 8 in Fighting
   361 | D        | Reached XP level 5. HP: 55/55 MP: 4/4
   361 | D        | Reached XP level 6. HP: 62/62 MP: 5/5
   454 | D        | Found a snail-covered altar of Cheibriados.
   454 | D        | Found a viscous altar of Jiyva.
   454 | D        | Found a shadowy altar of Dithmenos.
   454 | D        | Found a blossoming altar of Fedhas.
   454 | D        | Noticed a slime creature
   465 | D        | Killed a slime creature
   465 | D        | Reached skill level 9 in Fighting
   639 | D        | Killed a gargoyle
   743 | D        | Found a deep blue altar of Sif Muna.
   744 | D        | Noticed a jelly
   745 | D        | Found a radiant altar of Vehumet.
   748 | D        | Killed a jelly
   782 | D        | Found Ferem's Weapon Emporium.
   782 | D        | Found a white marble altar of Elyvilon.
   782 | D        | Found a stormy altar of Qazlal.
   782 | D        | Found a burning altar of Makhleb.
   782 | D        | Found a sacrificial altar of Ru.
   782 | D        | Found a basalt altar of Yredelemnul.
   782 | D        | Found a glowing golden altar of the Shining One.
   782 | D        | Found a sparkling altar of Nemelex Xobeh.
   782 | D        | Found a shimmering altar of Xom.
   782 | D        | Found an opulent altar of Gozag.
   782 | D        | Found an ancient bone altar of Kikubaaqudgha.
   782 | D        | Found a glowing silver altar of Zin.
   782 | D        | Noticed a yak
   791 | D        | Killed a yak
   791 | D        | Reached skill level 10 in Fighting
   791 | D        | Reached skill level 10 in Armour
   791 | D        | Reached skill level 10 in Shields
   791 | D        | Reached XP level 7. HP: 56/72 MP: 6/6
   792 | D        | Found an iron altar of Okawaru.
   798 | D        | Found a bloodstained altar of Trog.
   871 | D        | Bought a +4 hand axe of flaming for 356 gold pieces
   888 | D        | Noticed a kobold demonologist
   889 | D        | Noticed a kobold demonologist
   892 | D        | Noticed a rust devil
   898 | D        | Killed a kobold demonologist
   898 | D        | Reached skill level 10 in Axes
   900 | D        | Killed a kobold demonologist
   900 | D        | Reached skill level 11 in Fighting
   900 | D        | Reached XP level 8. HP: 79/82 MP: 7/7
   905 | D        | Noticed a demonic crawler
   905 | D        | Noticed a demonic crawler
   905 | D        | Noticed a demonic crawler
   905 | D        | Noticed a demonic crawler
   917 | D        | Killed a demonic crawler
   923 | D        | Quit the game

Action                   |  1- 3 |  4- 6 |  7- 9 || total
-------------------------+-------+-------+-------++-------
Melee: War axe           |    23 |    25 |       ||    48
       Hand axe          |       |       |    24 ||    24
  Use: Potion            |     3 |     1 |     1 ||     5
  Eat: Chunk             |       |       |     1 ||     1
